 Dungeon Crawl Stone Soup version 0.29.1-12-g30fa7ad0bf (webtiles) character file.

Game seed: 16522053922285641290

2116 zlionsfan the Sneak (level 9, -2/52 HPs)
             Began as a Tengu Delver on Jan 11, 2023.
             Was a Believer of Qazlal.
             Slain by a manticore (4 damage)
             ... on level 7 of the Dungeon.
             The game lasted 00:26:49 (6614 turns).

zlionsfan the Sneak (Tengu Delver)                  Turns: 6614, Time: 00:26:49

Health: -2/52      AC:  4    Str: 15    XL:     9   Next: 29%
Magic:  12/14      EV: 20    Int: 12    God:    Qazlal [**....]
Gold:   196        SH:  2    Dex: 16    Spells: 4/14 levels left

rFire   . . .      SeeInvis .   a - +2 war axe (elec)
rCold   . . .      Faith    .   (no shield)
rNeg    . . .      Spirit   .   b - +0 leather armour
rPois   .          Reflect  .   (helmet restricted)
rElec   .          Harm     .   (no cloak)
rCorr   .          Rampage  .   D - +0 pair of gloves
Will    +....                   (boots unavailable)
Stlth   +++.......              (no amulet)
HPRegen 0.17/turn               q - +4 ring of evasion
MPRegen 0.14/turn               r - ring of willpower

@: flying quickly and evasively, quick
A: beak, talons 3, nimble flight
a: Renounce Religion, Upheaval


You were on level 7 of the Dungeon.
You worshipped Qazlal.
Qazlal was pleased with you.
You visited 2 branches of the dungeon, and saw 8 of its levels.

You collected 306 gold pieces.
You spent 110 gold pieces at shops.

Inventory:

Hand Weapons
 a - a +2 war axe of electrocution (weapon)
Missiles
 d - 11 poisoned darts
 h - 2 javelins (quivered)
 n - 8 boomerangs
 C - a throwing net
Armour
 b - a +0 leather armour (worn)
 i - a +0 pair of gloves
 D - a +0 pair of gloves (worn)
Jewellery
 q - a +4 ring of evasion (left hand)
 r - a ring of willpower (right hand)
 t - a ring of wizardry
 A - a ring of protection from cold
Wands
 g - a wand of digging (7)
 w - a wand of flame (13)
 B - a wand of polymorph (13)
Scrolls
 c - a scroll of fog
 e - a scroll of fear
 j - a scroll of poison {unknown}
 m - a scroll of brand weapon {unknown}
 o - a scroll of immolation
 u - a scroll of amnesia
 v - 2 scrolls of magic mapping
 x - 4 scrolls of blinking {unknown}
 y - 3 scrolls of acquirement {unknown}
Potions
 f - 2 potions of haste
 k - 2 potions of mutation
 l - 3 potions of brilliance {unknown}
 p - a potion of might
 s - 2 potions of curing
 z - a potion of degeneration {unknown}
 E - a potion of flight {unknown}
 F - a potion of cancellation {unknown}
 G - a potion of invisibility {unknown}
 H - 2 potions of resistance {unknown}


   Skills:
 + Level 4.7 Fighting
 + Level 6.1(6.7) Axes
 + Level 4.1(5.7) Polearms
 + Level 1.3 Throwing
 + Level 3.0 Armour
 + Level 4.5 Dodging
 + Level 6.8 Stealth
 + Level 3.0 Spellcasting
 + Level 4.2 Conjurations
 + Level 4.9 Air Magic


You had 4 spell levels left.
You knew the following spells:

 Your Spells              Type           Power      Damage    Failure   Level
a - Magic Dart            Conj           44%        1d5       5%          1
b - Shock                 Conj/Air       48%        1d6       4%          1
c - Searing Ray           Conj           22%        2d5       9%          2
d - Swiftness             Air            13%        N/A       12%         3
e - Mephitic Cloud        Conj/Pois/Air  9%         N/A       26%         3

Your spell library contained the following spells:

 Spells                   Type           Power      Damage    Failure   Level
 Beastly Appendage        Tmut           2%         N/A       30%         1
 Dazzling Flash           Conj/Hex       12%        N/A       36%         3
 Airstrike                Air            6%         2d(1-17)  36%         4
 Blink                    Tloc           2%         N/A       41%         2
 Call Imp                 Summ           1%         N/A       41%         2
 Wereblood                Tmut           1%         N/A       41%         2
 Lesser Beckoning         Tloc           1%         N/A       65%         3
 Spider Form              Tmut/Pois      1%         N/A       65%         3
 Fulminant Prism          Conj/Hex       3%         3d6       77%         4
 Iskenderun's Mystic Bla  Conj/Tloc      6%         2d4       77%         4
 Silence                  Hex/Air        3%         N/A       96%         5
 Agony                    Necr           1%         N/A       100%        5
 Lee's Rapid Deconstruct  Erth           0%         3d5*      100%        5
 Manifold Assault         Tloc           1%         N/A       100%        5
 Storm Form               Tmut/Air       3%         N/A       100%        7


Dungeon Overview and Level Annotations

Branches:
Dungeon (7/15)             Temple (1/1) D:6

Altars:
Ashenzari
Cheibriados
Dithmenos
Elyvilon
Fedhas
Gozag
Okawaru
Qazlal
Ru
Sif Muna
Trog
Uskayaw
Vehumet
Zin

Shops:
D:1 (   D:2 ?

Annotations:
D:2 Sigmund
D:3 Pargi
Temple 2 transporters


Innate Abilities, Weirdness & Mutations

You have a beak for a mouth.
You have claws for feet.
Your magical nature lets you fly swiftly and evasively.


Message History

Press: ? - help, Shift-Dir - straight line, f/p - iguana
Aim: an iguana (72% to hit)
The zap misses the iguana.
Casting: Shock (safe; 4% risk of failure)
Confirm with . or Enter, or press ? or * to list all spells.
Aiming: Shock (safe; 4% risk of failure)
Press: ? - help, Shift-Dir - straight line, f/p - iguana
Aim: an iguana (72% to hit)
The zap misses the iguana.
You closely miss the manticore. You claw the manticore!
The manticore is lightly wounded.
The manticore bites you but does no damage.
The manticore claws you. The manticore misses you.
You hit the manticore. You claw the manticore.
You peck the manticore, but do no damage.
The manticore is moderately wounded.
The manticore bites you! The manticore completely misses you.
The manticore misses you.
You barely miss the manticore. Your kick misses the manticore.
You peck the manticore.
The manticore is moderately wounded.
The manticore completely misses you. The manticore barely misses you.
The manticore completely misses you.
You hit the manticore.
Lightning courses through the manticore!
The manticore is severely wounded.
The manticore completely misses you. The manticore misses you.
The manticore claws you! The manticore bites you!
The manticore completely misses you. The manticore claws you.
* * * LOW HITPOINT WARNING * * *
You feel better. The manticore bites you!
* * * LOW HITPOINT WARNING * * *
The manticore misses you. The manticore claws you.
* * * LOW HITPOINT WARNING * * *
You feel better. The manticore closely misses you.
The manticore completely misses you. The manticore misses you.
You feel better. The manticore bites you!!
* * * LOW HITPOINT WARNING * * *
The manticore claws you.
You die...

#.............+...
#.............#... #
####'###......#... ..
#......#......#...
...
#......'...>..#...
....
#......#......####
#... ##.....#......#
##....##.....#......#
.....lH@.....#......#
......#......#......#
..... #......+......#
#### ########......#
########


You could see a manticore and an iguana.

Vanquished Creatures
  Eustachio (D:6)
  3 ice beasts
  An ogre (D:6)
  2 phantoms (D:5)
  2 gnoll sergeants (D:6)
  2 scorpions
  3 necrophages
  6 howler monkeys
  3 hounds
  Crazy Yiuf (D:6)
  A jelly (D:7)
  3 iguanas
  Jessica (D:2)
  Terence (D:2)
  9 orc wizards
  12 gnolls
  8 adders
  A shadow imp (D:5)
  A white imp (D:7)
  2 ufetubi
  A worm (D:2)
  2 dart slugs
  11 orcs
  7 bats
  9 endoplasms
  3 giant cockroaches
  7 goblins
  9 hobgoblins
  7 jackals
  4 kobolds
  3 quokkas
  6 ball pythons
  3 frilled lizards
  6 rats
141 creatures vanquished.

Vanquished Creatures (others)
  A fungus (D:1)
1 creature vanquished.

Grand Total: 142 creatures vanquished

Notes
Turn   | Place    | Note
-------+----------+-------------------------------------------
     0 | D:5      | zlionsfan the Tengu Delver began the quest for the Orb.
     0 | D:5      | Reached XP level 1. HP: 14/14 MP: 2/2
    14 | D:5      | Noticed an ice beast
    51 | D:5      | Noticed a phantom
   137 | D:4      | Noticed an iguana
   137 | D:4      | Noticed an orc wizard
   158 | D:4      | Noticed a necrophage
   209 | D:2      | Noticed Jessica
   241 | D:3      | Noticed an orc wizard
   343 | D:3      | Reached XP level 2. HP: 18/19 MP: 3/3
   695 | D:1      | Found Orirchif's Weapon Emporium.
   739 | D:1      | Bought 5 boomerangs for 32 gold pieces
   804 | D:1      | Reached XP level 3. HP: 23/23 MP: 4/4
  1179 | D:1      | You fall into a shaft and drop 1 floor!
  1256 | D:2      | Reached skill level 1 in Armour
  1257 | D:2      | Noticed Terence
  1285 | D:2      | Killed Terence
  1286 | D:2      | Reached XP level 4. HP: 18/28 MP: 5/5
  1438 | D:2      | Learned a level 1 spell: Magic Dart
  1485 | D:2      | Found Kaloluy's Magic Scroll Shop.
  1499 | D:2      | Bought a scroll of teleportation for 39 gold pieces
  1499 | D:2      | Bought a scroll of identify for 26 gold pieces
  1499 | D:2      | Bought a scroll of noise for 13 gold pieces
  1731 | D:1      | Found a faded altar of an unknown god.
  2065 | D:2      | Killed Jessica
  2066 | D:2      | Gained mutation: Your magical nature lets you fly swiftly
                  | and evasively. [Tengu growth]
  2066 | D:2      | Reached XP level 5. HP: 30/32 MP: 6/6
  2115 | D:2      | Noticed Sigmund
  2535 | D:3      | Noticed Pargi
  3008 | D:4      | Reached XP level 6. HP: 30/37 MP: 7/7
  3073 | D:4      | Learned a level 1 spell: Shock
  3196 | D:4      | Reached skill level 1 in Throwing
  3458 | D:4      | Found a stormy altar of Qazlal.
  3463 | D:4      | Became a worshipper of Qazlal Stormbringer
  3675 | D:4      | Reached skill level 1 in Air Magic
  3681 | D:4      | Reached skill level 1 in Conjurations
  3927 | D:4      | Found a hide-covered altar of Uskayaw.
  3930 | D:4      | Found a shimmering blue altar of Sif Muna.
  3930 | D:4      | Found an iron altar of Okawaru.
  3931 | D:4      | Found a bloodstained altar of Trog.
  3931 | D:4      | Found a radiant altar of Vehumet.
  3933 | D:4      | Found a sacrificial altar of Ru.
  3933 | D:4      | Found an opulent altar of Gozag.
  3934 | D:4      | Found a broken altar of Ashenzari.
  3989 | D:4      | Reached skill level 1 in Spellcasting
  3989 | D:4      | Reached XP level 7. HP: 42/42 MP: 4/9
  4106 | D:5      | Reached skill level 1 in Axes
  4375 | D:5      | Reached * piety under Qazlal
  4563 | D:5      | Found a white marble altar of Elyvilon.
  4852 | D:5      | Reached XP level 8. HP: 48/48 MP: 8/11
  4940 | D:6      | Noticed Eustachio
  4946 | D:6      | Killed Eustachio
  5002 | D:6      | Reached skill level 5 in Axes
  5126 | D:6      | Learned a level 2 spell: Searing Ray
  5242 | D:6      | Reached XP level 9. HP: 43/52 MP: 8/14
  5291 | D:6      | Found a staircase to the Ecumenical Temple.
  5402 | Temple   | Entered the Ecumenical Temple
  5402 | Temple   | Found a transporter.
  5402 | Temple   | Found a transporter.
  5646 | D:6      | Reached ** piety under Qazlal
  5912 | D:6      | Found a runed translucent door.
  5913 | D:6      | Noticed Crazy Yiuf
  6071 | D:6      | Killed Crazy Yiuf
  6075 | D:6      | Identified the +6 hammer of Megalomania {venom, *Rage
                  | +Blink Dex+8 SInv}
  6155 | D:7      | Learned a level 3 spell: Swiftness
  6159 | D:7      | Learned a level 3 spell: Mephitic Cloud
  6601 | D:7      | Noticed a manticore
  6614 | D:7      | HP: 2/52 [manticore (18)]
  6614 | D:7      | Slain by a manticore

Illustrated notes

Levels and vault maps discovered:
D:1:      ebering_trefoil_twist, layout_loops_corners, serial_shops,
          nicolae_shop_waterfront, shapermc_ecumenical_altar_acropolis,
          chequers_serial_rivers_small_3
D:2:      layout_rooms, serial_shops, nicolae_shop_window_shopping,
          grunt_decor_clamped, grunt_ministairs_6, hex_tiny, uniq_terence,
          uniq_jessica, uniq_sigmund
D:3:      layout_loops_ring, kennysheep_generic_room_16, uniq_pargi
D:4:      layout_rooms, mainiacjoe_overflow_six_doors_small,
          grunt_temple_overflow_open, roderic_serpentine_path,
          hangedman_decor_lopped
D:5:      layout_loops_ring, nicolae_elyvilon_peaceful_grove,
          uniq_blork_the_orc, uniq_ijyb
D:6:      layout_rooms, minmay_temple_entry_wispy,
          minmay_a_box_with_orc_wizards_in_it, uniq_eustachio,
          uniq_crazy_yiuf_cottage
D:7:      layout_gridville
Temple:   hellmonk_temple_divided_pantheon

Skill      XL: |  1  2  3  4  5  6  7  8  9 |
---------------+----------------------------+-----
Armour         | 1 2 3 |  3.0
Stealth        | 6 |  6.8
Polearms       | 3 4 |  4.1
Throwing       | 1 |  1.3
Air Magic      | 1 2 4 |  4.9
Conjurations   | 1 2 3 4 |  4.2
Spellcasting   | 1 2 3 |  3.0
Axes           | 3 5 6 |  6.1
Dodging        | 3 4 |  4.5
Fighting       | 4 |  4.7

Action                   |  1- 3 |  4- 6 |  7- 9 || total
-------------------------+-------+-------+-------++-------
Melee: Spear             |    99 |    82 |       ||   181
       Kick              |    20 |    26 |    25 ||    71
       Peck              |     9 |    11 |    21 ||    41
       Punch             |       |     2 |     2 ||     4
       War axe           |       |    27 |   110 ||   137
Throw: Dart              |     6 |       |       ||     6
       Boomerang         |       |     7 |       ||     7
       Javelin           |       |     6 |       ||     6
 Cast: Magic Dart        |       |    12 |    12 ||    24
       Shock             |       |     8 |    69 ||    77
       Swiftness         |       |       |     1 ||     1
       Searing Ray       |       |       |     1 ||     1
  Use: Scroll            |     1 |     6 |     2 ||     9
       Potion            |       |       |     7 ||     7
 Stab: Sleeping          |     8 |    10 |     1 ||    19
       Distracted        |       |     1 |       ||     1
Armor: Leather armour    |    20 |    12 |    17 ||    49
Dodge: Dodged            |    63 |    63 |   103 ||   229
Block: Other             |       |       |     4 ||     4
